 Dungeon Crawl Stone Soup version 0.27.0-1-g7a089689b8 (webtiles) character file.

Game seed: 9406495724392376269

42 trckry the Grasshopper (level 3, 0/36 HPs)
             Began as an Ogre Warper on Aug 9, 2021.
             Slain by a goblin (3 damage)
             ... on level 1 of the Dungeon.
             The game lasted 00:03:32 (1602 turns).

trckry the Grasshopper (Ogre Warper)                Turns: 1602, Time: 00:03:33

Health: 0/36       AC:  3    Str: 16    XL:     3   Next: 54%
Magic:  6/6        EV:  9    Int: 14    God:
Gold:   35         SH:  0    Dex:  8    Spells: 4/6 levels left

rFire    . . .     SeeInvis .   a - +0 mace
rCold    . . .     Faith    .   (no shield)
rNeg     . . .     Spirit   .   b - +0 robe
rPois    +         Reflect  .   (helmet restricted)
rElec    .         Harm     .   (no cloak)
rCorr    .         Rampage  .   (gloves unavailable)
Will     .....                  (boots unavailable)
Stlth    +.........             (no amulet)
HPRegen  0.12/turn              f - ring of poison resistance
MPRegen  0.10/turn              (no ring)

@: no status effects
A: large, unfitting armour, tough skin 1
a: no special abilities


You were on level 1 of the Dungeon.
You visited 1 branch of the dungeon, and saw 2 of its levels.

You collected 35 gold pieces.

Inventory:

Hand Weapons
 a - a +0 mace (weapon)
Missiles
 d - 5 boomerangs of dispersal
 k - 2 silver boomerangs (quivered)
Armour
 b - a +0 robe (worn)
Jewellery
 f - a ring of poison resistance (left hand)
Scrolls
 c - a scroll of blinking
 h - a scroll of fog {unknown}
 i - a scroll of teleportation {unknown}
 l - a scroll of enchant armour {unknown}
Potions
 e - a potion of ambrosia {unknown}
 g - a potion of mutation {unknown}
 j - a potion of heal wounds {unknown}


   Skills:
 - Level 2.6 Fighting
 * Level 2.7 Maces & Flails
 - Level 1.0 Throwing
 - Level 2.1 Dodging
 - Level 2.4 Spellcasting
 * Level 3.4 Translocations


You had 4 spell levels left.
You knew the following spells:

 Your Spells              Type           Power      Damage    Failure   Level
a - Blink                 Tloc           N/A        N/A       9%          2

Your spell library contained the following spells:

 Spells                   Type           Power      Damage    Failure   Level
 Gell's Gravitas          Tloc           5%         N/A       17%         3
 Lesser Beckoning         Tloc           5%         N/A       17%         3
 Teleport Other           Tloc           11%        N/A       17%         3
 Manifold Assault         Tloc           11%        N/A       83%         5


Dungeon Overview and Level Annotations

Branches:
Dungeon (2/15)

Altars:

Shops:
D:1 [


Innate Abilities, Weirdness & Mutations

You are too large for most types of armour.
You have tough skin. (AC +1)


Message History

The adder closely misses you.
You barely miss the goblin. The goblin hits you with a +0 dagger.
* * * LOW HITPOINT WARNING * * *
You take 1 damage, and have 9/36 hp.
You completely miss the goblin. The goblin hits you but does no damage.
You closely miss the goblin. The goblin hits you with a +0 dagger.
* * * LOW HITPOINT WARNING * * *
You take 2 damage, and have 8/36 hp.
You barely miss the goblin.
The goblin hits you but does no damage. x2
Throw: 2 boomerangs (silver)
Press: ? - help, Q - select action, (/) - cycle Shift-Dir - straight line, f - goblin
Aim: a goblin, wielding a +0 dagger (45% to hit)
You throw a silver boomerang.
The silver boomerang closely misses the goblin.
The silver boomerang hits the adder but does no damage.
The adder is lightly wounded.
The goblin hits you with a +0 dagger.
* * * LOW HITPOINT WARNING * * *
You take 3 damage, and have 5/36 hp.
Throw: 2 boomerangs (silver)
Press: ? - help, Q - select action, (/) - cycle Shift-Dir - straight line, f/p - goblin
Aim: a goblin, wielding a +0 dagger (45% to hit)
You throw a silver boomerang.
The silver boomerang barely misses the goblin.
The silver boomerang closely misses the adder.
The goblin hits you but does no damage.
Throw: 2 boomerangs (silver)
Press: ? - help, Q - select action, (/) - cycle Shift-Dir - straight line, f/p - goblin
Aim: a goblin, wielding a +0 dagger (45% to hit)
You throw a silver boomerang.
The silver boomerang barely misses the goblin.
The silver boomerang closely misses the adder.
The goblin hits you with a +0 dagger.
* * * LOW HITPOINT WARNING * * *
You take 2 damage, and have 3/36 hp.
You closely miss the goblin. The goblin hits you but does no damage.
You closely miss the goblin. The goblin hits you with a +0 dagger.
* * * LOW HITPOINT WARNING * * *
The goblin hits you with a +0 dagger.
You die...

........##.##..########.)......##
........##.##..# ####........#
........##.##..# #.(.........#
...........##).### #.###########
#############....###.#
#...########..#.....#
#.............#.###.#
#.......#....##.# #.## ####
#.#.#.#.#.#..##@# ##.### #...
#............##g# #....### ##...
#.#.......#..##S###..#...###....
###..............#.#..##...#..[##
...#....>..#..#...###...##....##
###.........####### ##.........##
# ##.......### ######...... #
#..........# ####... #
##.#.#.#.#.# ####


You could see an adder and a goblin.

Vanquished Creatures
  An adder (D:2)
  2 endoplasms (D:1)
  3 giant cockroaches (D:1)
  7 goblins (D:1)
  3 hobgoblins (D:1)
  4 jackals (D:1)
  A ball python (D:1)
  A bat (D:1)
  2 frilled lizards
  A kobold (D:1)
  4 rats (D:1)
29 creatures vanquished.

Notes
Turn   | Place    | Note
-------+----------+-------------------------------------------
     0 | D:1      | trckry the Ogre Warper began the quest for the Orb.
     0 | D:1      | Reached XP level 1. HP: 22/22 MP: 3/3
   178 | D:1      | Reached XP level 2. HP: 28/29 MP: 5/5
   179 | D:1      | Reached skill level 3 in Translocations
   550 | D:1      | Reached XP level 3. HP: 29/36 MP: 6/6
   651 | D:1      | Found Ysicuo's Armour Emporium.
  1413 | D:1      | Learned a level 2 spell: Blink
  1598 | D:1      | HP: 5/36 [goblin (3)]
  1602 | D:1      | Slain by a goblin

Illustrated notes

Levels and vault maps discovered:
D:1:      dpeg_arrival_round_c, layout_basic, serial_curves, eino_curves_03,
          eino_curves_03, eino_curves_02, serial_shops,
          nicolae_shop_statue_plus, st_stairs_4
D:2:      layout_rooms, serial_shops, shop, shop, shop, lexackson_kobold_supper

Skill      XL: |  1  2 |
---------------+-------+-----
Maces & Flails | 2 |  2.7
Translocations | 3 |  3.4
Fighting       | |  2.6
Throwing       | |  1.0
Dodging        | |  2.1
Spellcasting   | |  2.4

Action                   || total
-------------------------++-------
Melee: Mace              ||   113
Throw: Boomerang         ||     5
Armor: Robe              ||    40
Dodge: Dodged            ||    68
